 Dungeon Crawl Stone Soup version 0.32-a0-675-gdc239d62e1 (webtiles) character file.

Game seed: 11531113159432051027

47215 Drazool the Unseen (level 14, -3/103 HPs)
             Began as a Vampire Enchanter on Mar 8, 2024.
             Was an Initiate of Gozag.
             Slain by a four-headed hydra (30 damage)
             ... on level 3 of the Lair of Beasts on Mar 11, 2024.
             The game lasted 01:38:10 (20682 turns).

Drazool the Unseen (Vampire Enchanter)             Turns: 20682, Time: 01:38:11

Health: -3/103     AC:  6    Str:  7    XL:     14   Next: 7%
Magic:  41/41      EV:  2    Int: 18    God:    Gozag
Gold:   3453       SH:  0    Dex: 19    Spells: 7/25 levels left

rFire   + . .        a - +5 dagger (heavy)
rCold   + . .        (no shield)
rNeg    . . .        x - +0 robe
rPois   .            d - +1 hat
rElec   .            t - scarf of the Centaur {rC+ rF+, SInv}
rCorr   .            G - +0 pair of gloves
SInv    +            S - +1 pair of boots
Will    +....        Q - amulet of the acrobat
Stlth   ++++++       M - ring of magical power
HPRegen 0.57/turn    m - ring of magical power
MPRegen 0.27/turn

%: acrobat
@: confusing by touch, sleeping, gold aura, acrobatic, healing quickly
A: alive, fangs 3, see invisible, vampiric 2
a: Exsanguinate, Renounce Religion, Potion Petition, Call Merchant, Bribe Branch


You were on level 3 of the Lair of Beasts.
You worshipped Gozag.
Gozag was most pleased with you.
You visited 3 branches of the dungeon, and saw 17 of its levels.
You also visited: Sewer.

You collected 5023 gold pieces.
You paid 1570 gold pieces to Gozag.


Innate Abilities, Weirdness & Mutations

Your natural rate of healing is accelerated.
You have razor-sharp teeth.
You have supernaturally acute eyesight. (SInv)
You are afflicted with vampirism and can become a bat while bloodless.


   Skills:
 + Level 7.1 Fighting
 - Level 12.0(12.5) Short Blades
 - Level 4.6(8.5) Long Blades
 - Level 4.0 Throwing
 - Level 4.0 Armour
 - Level 11.0 Dodging
 - Level 15.0 Stealth
 - Level 6.0 Spellcasting
 - Level 14.0 Hexes
 - Level 5.0 Summonings
 - Level 5.0 Ice Magic
 - Level 3.0 Evocations


You had 7 spell levels left.
You knew the following spells:

 Your Spells              Type           Power      Damage    Failure   Level
c - Confusing Touch       Hex            54%        N/A       1%          3
d - Tukima's Dance        Hex            54%        N/A       1%          3
e - Ensorcelled Hibernat  Hex/Ice        78%        N/A       1%          2
f - Dazzling Flash        Conj/Hex       60%        N/A       1%          3
v - Summon Mana Viper     Hex/Summ       39%        N/A       7%          5
X - Jinxbite              Hex            100%       N/A       1%          2

Your spell library contained the following spells:

 Spells                   Type           Power      Damage    Failure   Level
 Sigil of Binding         Hex            54%        N/A       1%          3
 Call Canine Familiar     Summ           23%        N/A       4%          3
 Summon Ice Beast         Ice/Summ       23%        N/A       4%          3
 Anguish                  Hex/Necr       15%        N/A       7%          4
 Dimensional Bullseye     Hex/Tloc       15%        N/A       7%          4
 Apportation              Tloc           10%        N/A       12%         1
 Foxfire                  Conj/Fire      20%        2x1d5     12%         1
 Sandblast                Erth           10%        2d5       12%         1
 Fugue of the Fallen      Necr           5%         N/A       34%         3
 Gell's Gravitas          Tloc           5%         N/A       34%         3
 Passwall                 Erth           5%         N/A       34%         3
 Stone Arrow              Conj/Erth      10%        3d7       34%         3
 Teleport Other           Tloc           5%         N/A       34%         3
 Brom's Barrelling Bould  Conj/Erth      5%         2d3       75%         4
 Alistair's Intoxication  Alch           3%         N/A       97%         5
 Borgnjor's Vile Clutch   Necr/Erth      2%         N/A       97%         5
 Iskenderun's Battlesphe  Conj           5%         2d6       97%         5
 Bombard                  Conj/Erth      2%         9d1       100%        6
 Dispersal                Tloc           2%         N/A       100%        6
 Eringya's Noxious Bog    Alch           2%         4d6       100%        6
 Plasma Beam              Fire/Air       2%         2x1d12    100%        6
 Starburst                Conj/Fire      2%         6d3       100%        6
 Monstrous Menagerie      Summ           11%        N/A       100%        7
 Spellforged Servitor     Conj/Summ      7%         N/A       100%        7

Inventory:

Hand Weapons
 a - a +5 heavy dagger (weapon)
 b - a +3 long sword of freezing
 v - a +3 dagger
 w - a +1 dagger of freezing
 K - a +0 long sword of electrocution
Missiles
 h - 14 poisoned darts
 p - 3 throwing nets {=f}
Armour
 d - a +1 hat (worn)
 t - the scarf of the Centaur (worn) {rC+ rF+, SInv}
   (You acquired it on level 6 of the Dungeon)

   SInv:      It lets you see invisible.
 x - a +0 robe (worn)
 G - a +0 pair of gloves (worn)
 S - a +1 pair of boots (worn)
Magical Staves
 O - a staff of fire {!a}
Jewellery
 m - a ring of magical power (right hand)
 D - a +6 ring of dexterity
 M - a ring of magical power (left hand)
 P - a ring of poison resistance
 Q - an amulet of the acrobat (around neck)
 R - a ring of resist corrosion
 V - a ring of magical power
Wands
 y - a wand of paralysis (8)
 C - a wand of flame (23)
 L - a wand of warping (5)
 T - a wand of digging (7)
Scrolls
 i - 5 scrolls of fog
 k - 2 scrolls of teleportation {@r2}
 l - a scroll of brand weapon
 n - 3 scrolls of immolation
 r - 4 scrolls of vulnerability
 u - a scroll of identify {@r1}
 B - a scroll of revelation
 E - a scroll of amnesia
 I - 2 scrolls of poison
 W - a scroll of torment
 Y - a scroll of silence {!r}
 Z - a scroll of enchant weapon
Potions
 c - 3 potions of invisibility
 e - a potion of brilliance
 f - 3 potions of attraction
 j - 2 potions of mutation
 o - a potion of haste {@q3}
 q - a potion of might {unknown}
 s - 3 potions of curing {@q1}
 z - a potion of resistance {unknown}
 A - 4 potions of lignification
 F - 3 potions of berserk rage {!q}
 H - a potion of cancellation {unknown}
 J - a potion of enlightenment
 N - a potion of heal wounds {@q2}
 X - 5 potions of ambrosia

Dungeon Overview and Level Annotations

Branches:
Dungeon (11/15)            Temple (1/1) D:4            Lair (5/5) D:11
 Shoals (0/4) Lair:2       Spider (0/4) Lair:3        Slime (0/5) Lair:5
  Sewer (visited)
    Orc: D:9-12

Altars:
Ashenzari
Cheibriados
Dithmenos
Fedhas
Gozag
Hepliaklqana
Kikubaaqudgha
Makhleb
Nemelex Xobeh
Okawaru
Qazlal
Ru
Sif Muna
Trog
Uskayaw
Vehumet
Wu Jian
Xom
Yredelemnul
Jiyva

Shops:
D:2 ([:(

Annotations:
D:2 1 runed translucent door, Crazy Yiuf
D:6 exclusion: door
D:7 2 runed translucent doors, AutarchDCSS's ghost, novice CoHs

#.....#....##### #........+....##
###..##....## ##......###.###.
###..##.....#######......####.##.
..#...#.........b................
.............b..bb.......>.......
..............bb.bb..............
...........bbb.b.bbY.............
............bSbbbbYb.............
............bbb.@bY........#.#...
##+.##.....#.##Db#YY......#.##.##
#..##.....#########Y.....##.....
#..###....# #......##..... #..#
#....# #......ยง..b...
##..###....## #.D..Y#..Yl..
#....#......# ##....YYb.....
#..........## #...b....b....
##.###.....P### ##...b.bYbbb..


You could see a four-headed hydra (ally target), 6 dream sheep and a friendly
mana viper (summoned, asleep).


Message History

The four-headed hydra is severely wounded.
The dream sheep misses you.
Your mana viper bites the four-headed hydra.
Unknown command.
Unknown command.
As you read the scroll of butterflies, it crumbles to dust.
You hear the flapping of tiny wings.
The dream sheep is knocked back by the sudden gust.
Your mana viper is knocked back by the sudden gust.
The four-headed hydra is knocked back by the sudden gust.
The dream sheep is knocked back by the sudden gust.
The dream sheep ruffle their wool and motes of dream dust sparkle, to no effect. x2
Something misses your butterfly.
The dream sheep headbutts your butterfly.
Your butterfly dies!
Your butterfly disappears in a burst of colours!
The four-headed hydra barely misses you.
The four-headed hydra misses you. The four-headed hydra bites you.
* * * LOW HITPOINT WARNING * * *
The four-headed hydra barely misses you.
The dream sheep headbutts your butterfly!
Your butterfly dies!
Your butterfly disappears in a burst of colours!
The dream sheep shake their wool and sparkle.
You feel drowsy...
You fall asleep.
As the sheep sparkle and sway, your mana viper falls asleep.
The dream sheep completely misses your butterfly.
The four-headed hydra bites you!!
You die...
Your body crumbles into a pile of gold.

Skill      XL: |  1  2  3  4  5  6  7  8  9 10 11 12 13 14 |
---------------+-------------------------------------------+-----
Stealth        | 5 6 8 10 12 14 15 | 15.0
Ice Magic      | 1 2 3 5 |  5.0
Hexes          | 5 6 8 10 12 14 | 14.0
Short Blades   | 2 4 8 12 | 12.0
Fighting       | 1 2 3 4 5 7 |  7.1
Dodging        | 3 4 7 10 11 | 11.0
Spellcasting   | 3 4 6 |  6.0
Evocations     | 1 3 |  3.0
Long Blades    | 4 |  4.6
Summonings     | 4 5 |  5.0
Armour         | 3 4 |  4.0
Throwing       | 4 |  4.0

Action                     |  1- 3 |  4- 6 |  7- 9 | 10-12 | 13-15 || total
---------------------------+-------+-------+-------+-------+-------++-------
  Melee: Dagger            |    74 |   179 |   262 |   333 |   242 ||  1090
         Bite              |     7 |    13 |    31 |    31 |    35 ||   117
         Long sword        |       |       |       |    40 |       ||    40
  Throw: Dart              |       |       |    10 |    16 |    12 ||    38
   Cast: Ensorcelled Hiber |     9 |    72 |    75 |   226 |   109 ||   491
         Confusing Touch   |       |     2 |     6 |    12 |    26 ||    46
         Tukima's Dance    |       |       |    15 |    21 |       ||    36
         Summon Mana Viper |       |       |       |     4 |    20 ||    24
 Invoke: Potion Petition   |       |       |       |     1 |     4 ||     5
  Evoke: Wand              |       |       |       |    13 |     1 ||    14
    Use: Scroll            |       |    10 |     7 |     9 |     9 ||    35
         Potion            |       |       |     2 |     2 |     2 ||     6
   Stab: Sleeping          |    13 |    64 |    57 |   158 |    64 ||   356
         Confused          |       |     2 |     2 |    11 |    19 ||    34
         Distracted        |       |     1 |       |     2 |       ||     3
         Invisible         |       |       |     1 |       |       ||     1
 Armour: Robe              |    39 |   116 |   147 |   142 |   117 ||   561
  Dodge: Dodged            |    48 |   138 |   177 |   258 |   199 ||   820

Levels and vault maps discovered:
D:1:      dpeg_arrival_stonehenge_8_columns, layout_loops_ring
D:2:      layout_basic, serial_shops, nicolae_shop_bloodbath_and_beyond, shop,
          shop, shop, basic_altar, uniq_jessica, uniq_crazy_yiuf_cottage
D:3:      layout_loops_corners, hellmonk_overflow_destroyed_library
D:4:      minmay_chambers_of_threes, layout_cave_pools,
          mainiacjoe_overflow_alcove_1, minmay_temple_entry_offerings,
          dk_noncrumbling_3, goddamned_bats
D:5:      minmay_recursive_quarters, layout_rooms, amcnicky_altar_gilded,
          lemuel_coloured_pillars_altar, nicolae_uskayaw_suspiria,
          uniq_eustachio, uniq_sigmund
D:6:      cheibrodos_fertilizer, layout_basic, mainiacjoe_overflow_catwalk,
          cheibrodos_sewer_entry_drain, uniq_pikel
D:7:      layout_basic, regret_index_kikubaaqudgha_part_by_part,
          ebering_ghost_disaster_area
D:8:      layout_loops_ring, kennysheep_another_room
D:9:      layout_cave_pools, zin_academy
D:10:     layout_loops_cross, amethyst_overflow_temple_binary
D:11:     layout_basic, grunt_lair_entry_orc_guard_hut
Temple:   nicolae_temple_ecumenical_triangle
Lair:1:   layout_gridlike, basic_altar, serial_bayou_shore_a
Lair:2:   regret_index_bee_streams, layout_layer_cave,
          nicolae_shoals_entry_flooding
Lair:3:   layout_regular_city, spider_nest_entry_funnel_web,
          kennysheep_basilisk_garden
Lair:4:   layout_regular_city, basic_altar, roderic_carrion_pond
Lair:5:   hangedman_lair_tendril_chambers, layout_gridlike,
          nicolae_slime_entry_field_trip, serial_bayou, serial_bayou_shore_b,
          serial_bayou_shore_b, serial_bayou_pond_a, serial_bayou_pond_b

Notes
Turn   | Place    | Note
-------+----------+-------------------------------------------
     0 | D:1      | Drazool the Vampire Enchanter began the quest for the Orb.
     0 | D:1      | Reached XP level 1. HP: 13/13 MP: 3/3
   104 | D:1      | Reached skill level 5 in Stealth
   183 | D:1      | Reached XP level 2. HP: 19/19 MP: 5/5
   255 | D:1      | Learned a level 2 spell: Ensorcelled Hibernation
   431 | D:1      | Reached skill level 1 in Ice Magic
   682 | D:1      | Gained mutation: You are afflicted with vampirism and can
                  | become a bat while bloodless. [Vampire growth]
   682 | D:1      | Reached XP level 3. HP: 22/24 MP: 6/6
   834 | D:2      | Found a shimmering altar of Xom.
   852 | D:2      | Noticed a scorpion
   857 | D:2      | Killed a scorpion
   858 | D:2      | Reached skill level 2 in Ice Magic
   858 | D:2      | Reached skill level 5 in Hexes
   858 | D:2      | Reached skill level 2 in Short Blades
   858 | D:2      | Reached skill level 1 in Fighting
   858 | D:2      | Reached XP level 4. HP: 32/32 MP: 7/7
   970 | D:2      | Found Guvoly's Weapon Shoppe.
   998 | D:2      | Found Beruakh's Antique Armour Shoppe.
  1067 | D:2      | Found a runed translucent door.
  1068 | D:2      | Noticed Crazy Yiuf
  1238 | D:2      | Learned a level 3 spell: Tukima's Dance
  1723 | D:2      | Found Zynoum's Book Emporium.
  1896 | D:2      | Found Dollib's Weapon Boutique.
  1901 | D:2      | Reached skill level 3 in Dodging
  2119 | D:2      | Noticed Jessica
  2123 | D:2      | Killed Jessica
  2124 | D:2      | Reached XP level 5. HP: 37/37 MP: 8/8
  2307 | D:3      | Found a shimmering blue altar of Sif Muna.
  2311 | D:3      | Found a bloodstained altar of Trog.
  2333 | D:3      | Reached skill level 3 in Spellcasting
  2547 | D:3      | Reached skill level 2 in Fighting
  3144 | D:3      | Reached XP level 6. HP: 46/46 MP: 10/10
  3347 | D:4      | Found an iron altar of Okawaru.
  3368 | D:3      | Learned a level 3 spell: Confusing Touch
  3380 | D:4      | Found a staircase to the Ecumenical Temple.
  3395 | D:4      | Reached skill level 3 in Fighting
  3426 | Temple   | Entered the Ecumenical Temple
  3457 | Temple   | Became a worshipper of Gozag Ym Sagoz the Greedy
  3997 | D:4      | Reached skill level 3 in Short Blades
  4062 | D:4      | Reached skill level 4 in Short Blades
  4084 | D:4      | Reached skill level 6 in Stealth
  4521 | D:4      | Reached XP level 7. HP: 52/52 MP: 11/11
  4542 | D:4      | Reached skill level 7 in Stealth
  4809 | D:5      | Entered Level 5 of the Dungeon
  5096 | D:4      | Reached skill level 8 in Stealth
  5391 | D:5      | Found a broken altar of Ashenzari.
  5578 | D:5      | Reached skill level 6 in Hexes
  5578 | D:5      | Reached skill level 3 in Ice Magic
  5616 | D:5      | Reached skill level 4 in Dodging
  5797 | D:5      | Reached XP level 8. HP: 51/60 MP: 12/12
  5968 | D:5      | Reached skill level 4 in Fighting
  6001 | D:5      | Found a hide-covered altar of Uskayaw.
  6087 | D:5      | Noticed Eustachio
  6091 | D:5      | Found a shadowy altar of Dithmenos.
  6100 | D:5      | Killed Eustachio
  6101 | D:5      | Reached skill level 5 in Short Blades
  6235 | D:5      | Noticed Sigmund
  6244 | D:5      | Killed Sigmund
  6245 | D:5      | Reached skill level 6 in Short Blades
  6343 | D:6      | Identified a scroll of acquirement
  6343 | D:6      | Acquired the scarf of the Centaur {rC+ rF+, SInv}
  6553 | D:5      | HP: 6/60 [poisoned by a kobold brigand (curare-tipped
                  | dart)]
  6557 | D:5      | HP: 2/60 [poisoned by a kobold brigand (curare-tipped
                  | dart)]
  6709 | D:6      | Found a glowing drain.
  6726 | Sewer    | Entered a sewer
  6868 | D:6      | Reached skill level 7 in Short Blades
  6934 | D:6      | Noticed Pikel
  7166 | D:6      | Reached skill level 8 in Short Blades
  7168 | D:6      | Noticed a slime creature
  7484 | D:6      | Reached skill level 7 in Hexes
  7636 | D:6      | Killed Pikel
  7637 | D:6      | Reached skill level 8 in Hexes
  7637 | D:6      | Reached skill level 4 in Spellcasting
  7637 | D:6      | Reached XP level 9. HP: 57/66 MP: 15/15
  7949 | D:6      | Found a stormy altar of Qazlal.
  8069 | D:7      | Reached skill level 5 in Fighting
  8101 | D:7      | Noticed a troll
  8114 | D:7      | Killed a troll
  8115 | D:7      | Reached skill level 9 in Stealth
  8221 | D:7      | Reached skill level 10 in Stealth
  8227 | D:7      | Reached skill level 9 in Hexes
  8431 | D:7      | Reached skill level 10 in Hexes
  8510 | D:7      | Reached skill level 4 in Ice Magic
  8680 | D:7      | Found an ancient bone altar of Kikubaaqudgha.
  8917 | D:7      | Noticed a manticore
  8923 | D:7      | Killed a manticore
  8924 | D:7      | Reached skill level 5 in Ice Magic
  8924 | D:7      | Reached skill level 1 in Evocations
  8924 | D:7      | Reached XP level 10. HP: 74/74 MP: 16/16
  9014 | D:7      | Found a large runed translucent door.
  9015 | D:7      | Found a large runed translucent door.
  9016 | D:7      | Noticed AutarchDCSS's ghost (novice CoHs)
  9186 | D:8      | Upgraded the game from 0.32-a0-656-g3542139ebd to
                  | 0.32-a0-673-g3729bd50f8
  9213 | D:8      | Reached skill level 2 in Evocations
  9289 | D:8      | Reached skill level 3 in Evocations
  9492 | D:8      | Reached skill level 5 in Dodging
 10083 | D:8      | Reached skill level 6 in Dodging
 10490 | D:9      | Upgraded the game from 0.32-a0-673-g3729bd50f8 to
                  | 0.32-a0-675-gdc239d62e1
 10593 | D:9      | Reached skill level 7 in Dodging
 10758 | D:10     | Entered Level 10 of the Dungeon
 10860 | D:10     | Reached skill level 1 in Long Blades
 10869 | D:10     | Reached skill level 2 in Long Blades
 11046 | D:10     | Reached skill level 3 in Long Blades
 11065 | D:10     | Reached skill level 4 in Long Blades
 11332 | D:10     | Learned a level 2 spell: Jinxbite
 11338 | D:10     | Learned a level 5 spell: Summon Mana Viper
 11591 | D:10     | Reached skill level 1 in Summonings
 11637 | D:10     | Reached skill level 2 in Summonings
 11665 | D:10     | Reached skill level 3 in Summonings
 11898 | D:10     | Noticed a two-headed ogre
 11901 | D:10     | Killed a two-headed ogre
 11902 | D:10     | Reached skill level 4 in Summonings
 11902 | D:10     | Reached XP level 11. HP: 79/79 MP: 17/17
 11911 | D:10     | Found a snail-covered altar of Cheibriados.
 11922 | D:10     | Found a burning altar of Makhleb.
 12230 | D:10     | Reached skill level 5 in Summonings
 12501 | D:11     | Noticed a two-headed ogre
 12510 | D:11     | Reached skill level 11 in Hexes
 12514 | D:11     | Killed a two-headed ogre
 12918 | D:11     | Reached skill level 12 in Hexes
 12937 | D:11     | Found a staircase to the Lair.
 12980 | D:11     | Reached skill level 11 in Stealth
 13535 | Lair:1   | Entered Level 1 of the Lair of Beasts
 13547 | Lair:1   | Reached skill level 12 in Stealth
 13610 | D:11     | HP: 4/121 [yak (9)]
 13827 | D:11     | Reached skill level 6 in Fighting
 14051 | Lair:1   | Reached skill level 7 in Fighting
 14054 | Lair:1   | Reached skill level 1 in Armour
 14062 | Lair:1   | Reached skill level 2 in Armour
 14167 | Lair:1   | Identified the +0 scale mail "Uddeurog" {rC+ rN++ Str+2
                  | Dex-3}
 14231 | Lair:1   | Found an ornate altar of the Wu Jian Council.
 14306 | Lair:1   | Reached skill level 3 in Armour
 14442 | Lair:1   | Reached XP level 12. HP: 91/91 MP: 18/18
 14511 | Lair:1   | Reached skill level 4 in Armour
 15186 | Lair:2   | Reached skill level 8 in Dodging
 15420 | Lair:2   | Reached skill level 9 in Dodging
 15446 | Lair:2   | Noticed a boulder beetle
 15473 | Lair:2   | Killed a boulder beetle
 15856 | Lair:2   | Reached skill level 5 in Spellcasting
 16033 | Lair:2   | Reached skill level 6 in Spellcasting
 16165 | Lair:2   | Reached skill level 1 in Throwing
 16311 | Lair:2   | Reached skill level 2 in Throwing
 16342 | Lair:2   | Reached skill level 3 in Throwing
 16557 | Lair:2   | Reached skill level 4 in Throwing
 16721 | Lair:2   | Found the +7 great mace "Firestarter" {flame, immolate,
                  | rFlCloud rF++}
 16831 | Lair:2   | Reached skill level 10 in Dodging
 17676 | Lair:3   | Found a hole to the Spider Nest.
 17806 | Lair:3   | Reached XP level 13. HP: 96/96 MP: 22/22
 17824 | Lair:3   | Reached skill level 11 in Dodging
 18061 | Lair:3   | Reached skill level 13 in Stealth
 18225 | Lair:3   | You fall into a shaft and drop 2 floors!
 18225 | Lair:5   | Entered Level 5 of the Lair of Beasts
 18280 | Lair:5   | Reached skill level 14 in Stealth
 18330 | Lair:5   | Reached skill level 9 in Short Blades
 18593 | Lair:5   | Reached skill level 10 in Short Blades
 18817 | Lair:5   | Reached skill level 11 in Short Blades
 19193 | Lair:5   | Reached skill level 12 in Short Blades
 19462 | Lair:5   | Found a viscous altar of Jiyva.
 19534 | Lair:5   | Learned a level 3 spell: Dazzling Flash
 19536 | Lair:5   | Found a staircase to the Slime Pits.
 19566 | Lair:5   | Reached skill level 13 in Hexes
 19853 | Lair:4   | Reached skill level 14 in Hexes
 19949 | Lair:4   | Found an ancient bone altar of Kikubaaqudgha.
 20210 | Lair:3   | Reached XP level 14. HP: 103/103 MP: 23/23
 20476 | Lair:3   | Found the +7 sceptre of Torment {pain, torment}
 20576 | Lair:3   | Reached skill level 15 in Stealth
 20682 | Lair:3   | Slain by a four-headed hydra

Vanquished Creatures
  2 hydras (Lair:5)
  A boulder beetle (Lair:2)
  A two-headed ogre (D:10)
  Pikel (D:6)
  11 elephants
  An oklob plant (Lair:3)
  A manticore (D:7)
  A water nymph (Lair:2)
  4 black mambas
  3 torpor snails
  17 cane toads
  2 unseen horrors
  2 rime drakes
  8 komodo dragons
  A troll (D:7)
  A polar bear (Lair:5)
  A queen bee (Lair:2)
  A hornet (Lair:5)
  4 dream sheep
  11 blink frogs
  2 shadows
  A culicivora (Lair:3)
  8 wyverns
  Eustachio (D:5)
  53 yaks
  8 basilisks
  3 redbacks
  4 steam dragons
  4 vampire mosquitoes
  An acid dragon (D:9)
  23 water moccasins
  5 orc warriors
  4 black bears
  A sky beast (D:8)
  2 ice beasts
  13 wolves
  3 centaurs
  4 lemures
  12 bullfrogs
  3 kobold brigands
  2 scorpions
  6 wights
  A burial acolyte (D:7)
  27 killer bees (Lair:2)
  3 howler monkeys
  A vampire bat (D:4)
  An electric eel (Lair:5)
  A bombardier beetle (D:4)
  4 jellies
  3 hounds
  3 gnoll boudas
  6 orc priests
  3 sleepcaps
  Jessica (D:2)
  6 iguanas
  6 orc wizards
  2 hell rats
  3 hound zombies (D:7)
  9 gnolls
  4 adders
  A river rat (Sewer)
  2 shadow imps (D:7)
  A white imp (D:7)
  2 ufetubi (D:4)
  2 ribbon worms
  3 dart slugs
  3 fire bats (D:4)
  27 orcs
  2 spectral bats (D:4)
  8 ball pythons
  13 bats
  3 bat skeletons (D:4)
  A bat zombie (D:4)
  13 endoplasms
  11 giant cockroaches
  2 gnoll zombies (D:7)
  6 hobgoblins
  8 jackals
  4 quokkas
  A bat simulacrum (D:4)
  4 frilled lizards
  14 goblins
  13 kobolds
  2 kobold zombies (D:7)
  10 rats
477 creatures vanquished.

Vanquished Creatures (collateral kills)
  A hydra (Lair:3)
  A two-headed ogre (D:11)
  2 elephants (Lair:5)
  A merfolk (Lair:2)
  2 polar bears
  3 blink frogs (Lair:5)
  Sigmund (D:5)
  2 yaks (Lair:2)
  A redback (Lair:3)
  A basilisk (Lair:5)
  5 water moccasins (Lair:5)
  3 wolves
  6 wights
  A jelly (Lair:5)
  An orc wizard (D:11)
  7 gnolls
  3 orcs (D:11)
  A kobold (D:6)
42 creatures vanquished.

Vanquished Creatures (others)
  8 dancing weapons
8 creatures vanquished.

Grand Total: 527 creatures vanquished

Table legend: (Time is in decaauts)
 A = Elapsed time spent in this place.
 B = Non-inter-level travel time spent in this place.
 C = Inter-level travel time spent in this place.
 D = Time resting spent in this place.
 E = Time spent auto-exploring this place.
 F = Levels seen in this place.
 G = Mean time per level.
                   A        B        C        D        E       F      G
               +--------+--------+--------+--------+--------+-----+--------+
         Total |  20454 |  19699 |    755 |   2072 |  12231 |  18 | 1136.3 |
       Dungeon |  13719 |  13172 |    547 |   1309 |   8799 |  11 | 1247.2 |
        Temple |     21 |     11 |     10 |      0 |      0 |   1 |   21.0 |
          Lair |   6584 |   6387 |    197 |    762 |   3373 |   5 | 1316.8 |
         Sewer |    129 |    129 |      0 |      0 |     58 |   1 |  129.0 |
               +--------+--------+--------+--------+--------+-----+--------+

Top non-repeatable levels by time:
  Lair:2: 2523 daAuts
    D:11: 1761 daAuts
     D:5: 1640 daAuts
     D:4: 1525 daAuts
     D:2: 1464 daAuts
  Lair:5: 1427 daAuts
    D:10: 1392 daAuts
     D:6: 1294 daAuts
  Lair:3: 1287 daAuts
     D:3: 1129 daAuts
  Lair:1: 1107 daAuts
     D:7: 1106 daAuts
     D:8: 991 daAuts
     D:1: 825 daAuts
     D:9: 588 daAuts

Table legend:
 A = Non-vault XP
 B = Vault XP
 C = Vault XP percentage of total XP
 D = Non-vault monster count
 E = Vault monster count
 F = Vault count percentage of total count
                 A         B        C        D         E       F
            +---------+---------+-------+---------+---------+-------
      Total |   49773 |   17677 |  26.2 |     362 |     153 |  29.7
            +---------+---------+-------+---------+---------+-------
        D:1 |      41 |       0 |   0.0 |      23 |       0 |   0.0
        D:2 |     132 |      37 |  21.9 |      27 |       1 |   3.6
        D:3 |     172 |       0 |   0.0 |      18 |       0 |   0.0
        D:4 |     225 |     291 |  56.4 |      25 |      32 |  56.1
        D:5 |     559 |     576 |  50.7 |      18 |       4 |  18.2
        D:6 |     543 |     850 |  61.0 |      12 |       9 |  42.9
        D:7 |    2269 |     169 |   6.9 |      20 |      10 |  33.3
        D:8 |    1587 |       0 |   0.0 |      23 |       0 |   0.0
        D:9 |     529 |       0 |   0.0 |      12 |       0 |   0.0
       D:10 |    4283 |       0 |   0.0 |      27 |       0 |   0.0
       D:11 |    4400 |    1499 |  25.4 |      26 |       6 |  18.8
     Lair:1 |    4961 |       0 |   0.0 |      21 |       0 |   0.0
     Lair:2 |    6023 |    6195 |  50.7 |      22 |      48 |  68.6
     Lair:3 |    7204 |    1570 |  17.9 |      30 |       8 |  21.1
     Lair:4 |    3228 |       0 |   0.0 |      14 |       0 |   0.0
     Lair:5 |   13617 |    6439 |  32.1 |      44 |      29 |  39.7
      Sewer |       0 |      51 | 100.0 |       0 |       6 | 100.0
            +---------+---------+-------+---------+---------+-------
